 Dungeon Crawl Stone Soup version 0.17-a0-1863-g715b4b0 (webtiles) character file.

119 nubinia the Firebug (level 5, -5/28 HPs)
             Began as a Tengu Fire Elementalist on Sept 20, 2015.
             Was an Initiate of Ashenzari.
             Slain by a gnoll
             ... wielding a +0 spear
              (10 damage)
             ... on level 3 of the Dungeon.
             The game lasted 00:19:57 (2576 turns).

nubinia the Firebug (Tengu Fire Elementalist)       Turns: 2576, Time: 00:19:57

Health: -5/28      AC:  3    Str:  9    XL:     5   Next: 3%
Magic:  0/9        EV: 12    Int: 16    God:    Ashenzari [......]
Gold:   147        SH:  3    Dex: 14    Spells: 3 memorised, 3 levels left

rFire  . . .     SeeInvis .     d - +1 dagger (curse)
rCold  . . .     Clarity  .     a - +0 robe
rNeg   . . .     SustAt   .     o - +0 buckler (curse)
rPois  .         Gourm    .     (helmet restricted)
rElec  .         Spirit   .     m - +0 cloak
rCorr  .         Warding  .     (no gloves)
rMut   .         Stasis   .     (boots unavailable)
MR     .....                    (no amulet)
Stlth  ++........               (no ring)
                                (no ring)

@: not resistant to hostile enchantments, unstealthy
A: beak, talons 3, able to fly 1
a: Fly, Renounce Religion


You were on level 3 of the Dungeon.
You worshipped Ashenzari.
Ashenzari was noncommittal.
You were not hungry.

You visited 1 branch of the dungeon, and saw 4 of its levels.

You collected 147 gold pieces.

Inventory:

Hand weapons
 d - a cursed +1 dagger (weapon)
 u - a +0 dagger of electrocution
Armour
 a - a +0 robe (worn)
 m - a +0 cloak (worn)
 o - a cursed +0 buckler (worn)
Scrolls
 e - 3 scrolls of curse jewellery
 h - 3 scrolls of identify
 i - a scroll of curse armour
 j - a scroll of curse weapon
 k - a scroll of magic mapping
Potions
 f - a potion of haste
 g - a potion of agility
 n - 4 potions of curing
 q - a potion of mutation {unknown}
 v - a potion of cancellation {unknown}
Books
 b - a book of Flames

   Spells                             Type                      Level
   a - Flame Tongue                   Conjuration/Fire             1
   b - Throw Flame                    Conjuration/Fire             2
   c - Conjure Flame                  Conjuration/Fire             3
   d - Inner Flame                    Hexes/Fire                   3
   e - Sticky Flame                   Conjuration/Fire             4
   f - Fireball                       Conjuration/Fire             5
Comestibles
 c - 4 bread rations
 l - 2 slices of pizza
 p - a chunk of flesh
 r - 2 fruits
 s - a royal jelly
 t - a meat ration


   Skills:
 + Level 0.4 Fighting
 + Level 0.7 Short Blades
 + Level 3.1 Dodging
 + Level 2.4 Stealth
 + Level 0.2 Shields
 + Level 2.6 Spellcasting
 + Level 2.0 Conjurations
 + Level 4.5 Fire Magic


You had 3 spell levels left.
You knew the following spells:

 Your Spells              Type           Power        Failure   Level  Hunger
a - Flame Tongue          Conj/Fire      ##...        12%         1    #......
b - Throw Flame           Conj/Fire      ##....       14%         2    ##.....
c - Conjure Flame         Conj/Fire      ##......     30%         3    ###....


Dungeon Overview and Level Annotations

Branches:
Dungeon (4/15)
 Temple: D:4-7

Altars:
Ashenzari
Gozag
Ru
Yredelemnul
Zin


Innate Abilities, Weirdness & Mutations

You have a beak for a mouth.
You have claws for feet.
You can fly.


Message History

The gnoll hits you with a spear.
You hit the gnoll but do no damage. You claw the gnoll.
The gnoll is almost dead.
The gnoll hits you with a spear.
* * * LOW HITPOINT WARNING * * *
You barely miss the gnoll.
The gnoll is almost dead.
The gnoll hits you with a spear.
* * * LOW HITPOINT WARNING * * *
You barely miss the gnoll. You claw the gnoll, but do no damage.
The gnoll is almost dead.
The gnoll hits you with a spear.
* * * LOW HITPOINT WARNING * * *
You hit the gnoll but do no damage.
The gnoll is almost dead.
The gnoll closely misses you.
You barely miss the gnoll.
The gnoll is almost dead.
The gnoll hits you with a spear!
You die...

...............,,*#.#
♣♣.♣♣
....†.......#*****#.##
♣♣.♣ ............#
#..# ♣.♣ ............#
##.# ♣.♣ ............#
#.# ♣.♣
............### #.##
♣.♣ ....######..).###
#..# ♣.♣♣ ....*
####|(.#####.# ♣♣.♣♣
....* ###g@.###.##
♣♣.♣ ##***
###......#####.####
######...........
############


You could see a gnoll.

Vanquished Creatures
  2 gnolls (D:3)
  2 adders
  A worm (D:2)
  An orc (D:3)
  3 ball pythons
  3 giant cockroaches
  15 goblins
  13 hobgoblins
  8 bats
  4 giant newts
  6 jackals
  10 kobolds
  8 rats
76 creatures vanquished.

Notes
Turn   | Place    | Note
--------------------------------------------------------------
     0 | D:1      | nubinia the Tengu Fire Elementalist began the quest for the Orb.
     0 | D:1      | Reached XP level 1. HP: 10/10 MP: 4/4
   147 | D:1      | Reached XP level 2. HP: 15/15 MP: 4/6
   419 | D:1      | Reached skill level 4 in Fire Magic
   582 | D:1      | Reached XP level 3. HP: 17/19 MP: 2/7
   586 | D:1      | Learned a level 2 spell: Throw Flame
   590 | D:1      | Learned a level 3 spell: Conjure Flame
  1359 | D:2      | You fall through a shaft for 2 floors!
  1593 | D:2      | Found a sacrificial altar of Ru.
  1624 | D:2      | Found an opulent altar of Gozag.
  1703 | D:2      | Found a shattered altar of Ashenzari.
  1706 | D:2      | Became a worshipper of Ashenzari the Shackled
  1783 | D:2      | Reached XP level 4. HP: 24/24 MP: 4/8
  2019 | D:2      | Found a basalt altar of Yredelemnul.
  2255 | D:3      | Found a glowing silver altar of Zin.
  2559 | D:3      | Gained mutation: You can fly. [Tengu growth]
  2559 | D:3      | Reached XP level 5. HP: 22/28 MP: 1/9
  2576 | D:3      | Slain by a gnoll

Vault maps used:
D:1:      eino_arrival_water_star, solitary_fountain, minmay_cupped
D:2:      lemuel_coloured_pillars_altar, lemuel_round_altar,
          lemuel_doored_altar, old_standard_altar
D:3:      forest_paths, nicolae_overflow_hidden_temple, minivault_23
D:4:      first_bread, serial_shops, kennysheep_mini_moat, minmay_crystal_water,
          grunt_ministairs_4, bloody_makhleb, uniq_duvessa, uniq_grinder

Action                   |  1- 3 |  4- 6 || total
-------------------------+-------+-------++-------
Melee: Dagger            |    53 |    46 ||    99
 Cast: Flame Tongue      |    49 |    31 ||    80
       Throw Flame       |     2 |     1 ||     3
  Use: Potion            |     1 |       ||     1
       Scroll            |     2 |     4 ||     6
 Stab: Sleeping          |     5 |     2 ||     7
  Eat: Chunk             |     4 |     3 ||     7
